 Dungeon Crawl Stone Soup version 0.30-a0-122-g2a1322497e (webtiles) character file.

Game seed: 7965167076171036207

3381 SigmundSlayer the Frost Mage (level 9, -6/91 HPs)
             Began as a Demonspawn Ice Elementalist on Sept 16, 2022.
             Was a Follower of Cheibriados.
             Mangled by a white ugly thing (16 damage)
             ... on level 7 of the Dungeon.
             The game lasted 00:17:10 (8862 turns).

SigmundSlayer the Frost Mage (DsIE)                 Turns: 8862, Time: 00:17:11

Health: -6/91      AC: 11    Str: 11      XL:     9   Next: 74%
Magic:  4/14       EV: 16    Int: 22 (24) God:    Cheibriados [*.....]
Gold:   1094       SH:  0    Dex: 21 (23) Spells: 7/14 levels left

rFire   . . .      SeeInvis .      - Unarmed
rCold   + . .      Faith    .    (no shield)
rNeg    . . .      Spirit   .    t - +1 leather armour {rPois}
rPois   +          Reflect  .    (helmet restricted)
rElec   .          Harm     .    (no cloak)
rCorr   .          Rampage  .    (no gloves)
Will    .....                    (no boots)
Stlth   ..........               (no amulet)
HPRegen 0.25/turn                c - +4 ring of evasion
MPRegen 0.14/turn                i - ring of protection from cold

@: berserking, ice-armoured, freezing walls, very slow
A: claws 2, thin skeletal structure 3, spiny 3, horns 1
a: Renounce Religion, Bend Time


You were on level 7 of the Dungeon.
You worshipped Cheibriados.
Cheibriados was aware of your devotion.
You visited 2 branches of the dungeon, and saw 8 of its levels.

You collected 1094 gold pieces.

Inventory:

Missiles
 b - a throwing net
Armour
 k - a +1 helmet
 l - a +2 robe of willpower
 t - a +1 leather armour of poison resistance (worn)
Magical Staves
 a - a staff of cold
 w - a staff of conjuration
Jewellery
 c - a +4 ring of evasion (left claw)
 i - a ring of protection from cold (right claw)
 A - a ring of resist corrosion
Wands
 d - a wand of paralysis (7)
 p - a wand of iceblast (8)
 z - a wand of flame (24)
Scrolls
 f - 3 scrolls of fear
 h - 2 scrolls of fog
 j - 3 scrolls of blinking
 o - 2 scrolls of teleportation
 u - a scroll of magic mapping
 x - a scroll of enchant armour
 y - a scroll of amnesia
Potions
 e - 3 potions of might
 g - a potion of ambrosia
 n - a potion of invisibility
 v - a potion of brilliance {unknown}
 B - a potion of curing {unknown}
 C - a potion of resistance {unknown}


   Skills:
 - Level 2.0 Fighting
 - Level 6.0 Armour
 - Level 2.0 Dodging
 - Level 1.7 Stealth
 - Level 1.0 Unarmed Combat
 - Level 3.0 Spellcasting
 - Level 10.0 Ice Magic
 + Level 7.3 Invocations


You had 7 spell levels left.
You knew the following spells:

 Your Spells              Type           Power      Damage    Failure   Level
a - Freeze                Ice            100%       1d11      1%          1
b - Frozen Ramparts       Ice            94%        1d15      1%          3
c - Ozocubu's Armour      Ice            47%        N/A       1%          3

Your spell library contained the following spells:

 Spells                   Type           Power      Damage    Failure   Level
 Ensorcelled Hibernation  Hex/Ice        50%        N/A       3%          2
 Apportation              Tloc           6%         N/A       16%         1
 Magic Dart               Conj           12%        1d3       16%         1
 Necrotise                Necr           12%        1d4       16%         1
 Summon Small Mammal      Summ           12%        N/A       16%         1
 Hailstorm                Conj/Ice       25%        3d7       21%         4
 Blink                    Tloc           6%         N/A       24%         2
 Call Imp                 Summ           3%         N/A       24%         2
 Passwall                 Tmut/Erth      2%         N/A       24%         2
 Gell's Gravitas          Tloc           3%         N/A       43%         3
 Kindle Blastsparks       Fire/Tloc/Air  6%         2d10      43%         3
 Lesser Beckoning         Tloc           3%         N/A       43%         3
 Mephitic Cloud           Conj/Pois/Air  3%         N/A       43%         3
 Swiftness                Air            3%         N/A       43%         3
 Teleport Other           Tloc           3%         N/A       43%         3
 Fulminant Prism          Conj/Hex       1%         3d6       83%         4
 Iskenderun's Mystic Bla  Conj/Tloc      3%         2d3       83%         4
 Manifold Assault         Tloc           3%         N/A       83%         4
 Lee's Rapid Deconstruct  Erth           1%         3d5*      99%         5


Dungeon Overview and Level Annotations

Branches:
Dungeon (7/15)             Temple (1/1) D:5

Altars:
Ashenzari
Cheibriados
Dithmenos
Fedhas
Hepliaklqana
Kikubaaqudgha
Okawaru
Qazlal
Ru
Sif Muna
Trog
Uskayaw
Vehumet
Wu Jian
Xom
Yredelemnul

Shops:
D:6 ?


Innate Abilities, Weirdness & Mutations

You have very sharp fingernails.
You have an unnaturally thin skeletal structure. (Dex +6, Stealth+++)
You are completely covered in sharp spines.
You have a pair of small horns on your head.


Message History

Press: ? - help, Dir - look around, f - activate The walls around you are covered in ice.
The white ugly thing completely resists.
The wall freezes the white ugly thing but does no damage.
You scratch the white ugly thing but do no damage.
The wall freezes the white ugly thing but does no damage.
The white ugly thing is struck by your spines.
The white ugly thing gores you. The white ugly thing freezes you! You resist.
You scratch the white ugly thing.
The white ugly thing is lightly wounded.
The white ugly thing resists.
The wall freezes the white ugly thing.
The white ugly thing completely misses you.
You closely miss the white ugly thing.
The white ugly thing is lightly wounded.
The white ugly thing resists.
The wall freezes the white ugly thing.
The white ugly thing gores you. The white ugly thing freezes you. You resist.
You claw the white ugly thing!
You headbutt the white ugly thing, but do no damage.
The white ugly thing is moderately wounded.
The white ugly thing resists.
The wall freezes the white ugly thing.
The white ugly thing gores you! The white ugly thing freezes you! You resist.
* * * LOW HITPOINT WARNING * * *
It was a potion of berserk rage.
A red film seems to cover your vision as you go berserk!
Cheibriados protects you from inadvertent hurry.
You feel mighty!
The white ugly thing resists.
The wall freezes the white ugly thing.
The white ugly thing is struck by your spines.
The white ugly thing gores you.
* * * LOW HITPOINT WARNING * * *
The white ugly thing freezes you. You resist.
* * * LOW HITPOINT WARNING * * *
You scratch the white ugly thing.
The white ugly thing is severely wounded.
The white ugly thing resists.
The wall freezes the white ugly thing.
The white ugly thing is struck by your spines.
The white ugly thing gores you.
* * * LOW HITPOINT WARNING * * *
The white ugly thing freezes you! You resist.
You die...

# #...........##..#...#...#.#.#.
######'#####.##..#.............
##.'.......+..##..........#.#.#.
##..#.#...#.##...................
...##.#._.#.####...##.#..#.......
.#.##.#...#.####.........###.###.
.#..'.......'.............. ..#
.#######'#######u#.#........ ...
.........# #@#.#..#...... ##
########## #.#.#..##.###. #.#.#
.. #.# #.# #.# #.# ###


You could see a white ugly thing.

Vanquished Creatures
  A deep elf pyromancer (D:7)
  A gargoyle (D:7)
  A basilisk (D:7)
  Menkaure (D:7)
  An acid dragon (D:7)
  A black bear (D:6)
  3 ice beasts
  A sky beast (D:7)
  An ogre (D:5)
  4 centaurs (D:7)
  A phantom (D:4)
  A kobold brigand (D:7)
  2 bullfrogs
  A gnoll sergeant (D:7)
  3 scorpions
  A wight (D:7)
  A howler monkey (D:6)
  Crazy Yiuf (D:2)
  An orc priest (D:6)
  A gnoll bouda (D:7)
  5 hounds
  4 iguanas
  4 orc wizards
  14 gnolls
  4 adders
  A white imp (D:6)
  3 worms
  2 dart slugs (D:1)
  37 orcs
  7 ball pythons
  12 endoplasms
  3 giant cockroaches
  34 hobgoblins
  6 kobolds
  2 quokkas
  4 bats
  5 frilled lizards
  34 goblins
  7 rats
216 creatures vanquished.

Vanquished Creatures (others)
  3 plants (D:7)
3 creatures vanquished.

Grand Total: 219 creatures vanquished

Notes
Turn   | Place    | Note
-------+----------+-------------------------------------------
     0 | D:1      | SigmundSlayer the Demonspawn Ice Elementalist began the
                  | quest for the Orb.
     0 | D:1      | Reached XP level 1. HP: 13/13 MP: 3/3
    75 | D:1      | Reached skill level 4 in Ice Magic
   100 | D:1      | Gained mutation: You are partially covered in sharp spines.
                  | [demonic ancestry]
   100 | D:1      | Reached XP level 2. HP: 16/19 MP: 0/5
   370 | D:1      | You fall into a shaft and drop 1 floor!
   742 | D:1      | Gained mutation: You have sharp fingernails. [demonic
                  | ancestry]
   742 | D:1      | Reached XP level 3. HP: 17/24 MP: 0/6
  1287 | D:2      | Learned a level 3 spell: Frozen Ramparts
  1290 | D:2      | Noticed a scorpion
  1300 | D:2      | Killed a scorpion
  1301 | D:2      | Reached skill level 5 in Ice Magic
  1301 | D:2      | Gained mutation: You are mostly covered in sharp spines.
                  | [demonic ancestry]
  1301 | D:2      | Reached XP level 4. HP: 18/30 MP: 3/7
  1856 | D:2      | Noticed a shining eye
  1858 | D:2      | Found a faded altar of an unknown god.
  1860 | D:2      | Noticed an eye of devastation
  1861 | D:2      | Noticed a shining eye
  1861 | D:2      | Noticed a great orb of eyes
  1926 | D:2      | Found a runed translucent door.
  1927 | D:2      | Noticed Crazy Yiuf
  1934 | D:2      | Killed Crazy Yiuf
  1935 | D:2      | Gained mutation: You have very sharp fingernails. [demonic
                  | ancestry]
  1935 | D:2      | Reached XP level 5. HP: 35/35 MP: 2/8
  2215 | D:3      | Reached skill level 6 in Ice Magic
  2349 | D:3      | Found a stormy altar of Qazlal.
  2394 | D:3      | Found a broken altar of Ashenzari.
  2496 | D:3      | Found a shimmering altar of Xom.
  2496 | D:3      | Found an iron altar of Okawaru.
  2643 | D:4      | Noticed a phantom
  2670 | D:4      | Killed a phantom
  2989 | D:4      | Gained mutation: You have a somewhat thin skeletal
                  | structure. (Dex +2, Stealth+) [demonic ancestry]
  2989 | D:4      | Reached XP level 6. HP: 31/41 MP: 5/9
  3213 | D:4      | Learned a level 3 spell: Ozocubu's Armour
  3626 | D:4      | Identified a scroll of acquirement
  3626 | D:4      | Acquired 558 gold pieces
  3869 | D:4      | Reached skill level 1 in Fighting
  3885 | D:4      | Reached skill level 1 in Unarmed Combat
  4401 | D:4      | Reached skill level 7 in Ice Magic
  4789 | D:5      | Entered Level 5 of the Dungeon
  4789 | D:5      | Noticed an ice beast
  4801 | D:5      | Killed an ice beast
  4802 | D:5      | Gained mutation: You have a moderately thin skeletal
                  | structure. (Dex +4, Stealth++) [demonic ancestry]
  4802 | D:5      | Reached XP level 7. HP: 44/48 MP: 8/11
  4832 | D:5      | Found a shadowy altar of Dithmenos.
  5156 | D:5      | Reached skill level 1 in Armour
  5201 | D:5      | Found a staircase to the Ecumenical Temple.
  5343 | Temple   | Entered the Ecumenical Temple
  5530 | Temple   | Became a worshipper of Cheibriados the Contemplative
  6012 | D:6      | Reached skill level 8 in Ice Magic
  6127 | D:6      | Found a basalt altar of Yredelemnul.
  6327 | D:6      | Found Henumpoe's Magic Scroll Shoppe.
  6406 | D:6      | Gained mutation: You have an unnaturally thin skeletal
                  | structure. (Dex +6, Stealth+++) [demonic ancestry]
  6406 | D:6      | Reached XP level 8. HP: 54/54 MP: 7/12
  6459 | D:6      | Found a hazy altar of Hepliaklqana.
  6972 | D:6      | Gained mutation: You have a pair of small horns on your
                  | head. [potion of mutation]
  7047 | D:7      | Noticed Menkaure
  7054 | D:7      | Killed Menkaure
  7439 | D:7      | Reached * piety under Cheibriados
  7440 | D:7      | Reached skill level 9 in Ice Magic
  7493 | D:7      | Noticed a deep elf pyromancer
  7674 | D:7      | Killed a deep elf pyromancer
  7675 | D:7      | Reached skill level 5 in Armour
  7675 | D:7      | Gained mutation: You are completely covered in sharp
                  | spines. [demonic ancestry]
  7675 | D:7      | Reached XP level 9. HP: 47/59 MP: 6/13
  8003 | D:7      | Reached skill level 10 in Ice Magic
  8024 | D:7      | Reached skill level 1 in Invocations
  8381 | D:7      | Noticed a gargoyle
  8385 | D:7      | Killed a gargoyle
  8797 | D:7      | Found a radiant altar of Vehumet.
  8850 | D:7      | Noticed a white ugly thing
  8862 | D:7      | Mangled by a white ugly thing

Illustrated notes

Levels and vault maps discovered:
D:1:      dpeg_arrival_windows_large_door, layout_loops_cross
D:2:      layout_rooms, hellmonk_ecumenical_altar_watching_god,
          kennysheep_path_1, st_stairs_3, uniq_crazy_yiuf_cottage
D:3:      minmay_inner_zag, layout_rooms, grunt_qazlal_clouds,
          overflow_temple_1_default, gammafunk_temple_overflow_statue
D:4:      minmay_goblin_kobold_castle, layout_rooms, mainiacjoe_overflow_paths,
          kennysheep_generic_room_10
D:5:      layout_loops_ring, kennysheep_little_box, minmay_temple_entry_junction
D:6:      layout_cave_pods, mainiacjoe_overflow_catwalk, amcnicky_altar_gilded,
          serial_shops, shop, roderic_serpentine_path
D:7:      minmay_the_grid_four_pointed_star [minmay_the_grid_triangle_9x9_cache,
          minmay_the_grid_triangle_9x9_alien,
          minmay_the_grid_triangle_9x9_steps,
          minmay_the_grid_triangle_9x9_shrine,
          minmay_the_grid_prize_inner_circle], layout_basic,
          mainiacjoe_overflow_six_doors_small, uniq_menkaure
Temple:   grunt_temple_mini_profane

Skill      XL: |  1  2  3  4  5  6  7  8  9 |
---------------+----------------------------+-----
Ice Magic      | 4 5 6 7 8 9 10 | 10.0
Fighting       | 1 2 |  2.0
Unarmed Combat | 1 |  1.0
Spellcasting   | 3 |  3.0
Armour         | 2 5 6 |  6.0
Invocations    | 7 |  7.3
Dodging        | 2 |  2.0
Stealth        | |  1.7

Action                   |  1- 3 |  4- 6 |  7- 9 || total
-------------------------+-------+-------+-------++-------
Melee: Unarmed           |    25 |    49 |    53 ||   127
       Punch             |       |     1 |       ||     1
       Headbutt          |       |       |    11 ||    11
 Cast: Freeze            |    44 |    68 |    52 ||   164
       Frozen Ramparts   |     2 |    27 |    33 ||    62
       Ozocubu's Armour  |       |       |     3 ||     3
Evoke: Wand              |       |       |     1 ||     1
  Use: Scroll            |     7 |     5 |     4 ||    16
       Potion            |     1 |     4 |     4 ||     9
 Stab: Sleeping          |       |     2 |     1 ||     3
Armor: Robe              |     4 |    20 |     1 ||    25
       Leather armour    |       |       |    13 ||    13
Dodge: Dodged            |    39 |   115 |    54 ||   208

Table legend: (Time is in decaauts)
 A = Elapsed time spent in this place.
 B = Non-inter-level travel time spent in this place.
 C = Inter-level travel time spent in this place.
 D = Time resting spent in this place.
 E = Time spent auto-exploring this place.
 F = Levels seen in this place.
 G = Mean time per level.
                   A        B        C        D        E       F      G
               +--------+--------+--------+--------+--------+-----+--------+
         Total |   9386 |   9034 |    352 |   1729 |   5695 |   8 | 1173.2 |
       Dungeon |   9167 |   8861 |    306 |   1729 |   5525 |   7 | 1309.6 |
        Temple |    219 |    174 |     45 |      0 |    170 |   1 |  219.0 |
               +--------+--------+--------+--------+--------+-----+--------+

Top non-repeatable levels by time:
     D:4: 2132 daAuts
     D:7: 1860 daAuts
     D:6: 1463 daAuts
     D:1: 1112 daAuts
     D:5: 1070 daAuts
     D:2: 914 daAuts
     D:3: 614 daAuts
  Temple: 219 daAuts
